Map: Kairos Junction LE

Players

Trizztein

  • Race: Terran Terran
  • League: Master
  • Spawn Location: 11:00

A.I. 1 (Medium) - Winner!

  • Race: Terran Terran
  • Spawn Location: 5:00

VOD

Have the link to the VOD?

Description

To work on (reflexes wise)
- Double quick gas. This is pretty new to us.
- Supply timings: 3 in a row from the 2d, skip one cycle, then two more cycles from 3:00 (4th supply BEFORE 2d CC) then restart 2x2 from 4:50 (same time as we take natural gases and make those two vikings).
- Starport tech lab and factories are right after first hit squad is finished. Before 2d CC is started.
- SCV transfer to natural: correct timing - 4:20 (1 minute after start of build time)
- 3rd CC as we fill those natural gases
- When to send that SCV for 2d CC: rally the SCV that made the starport (very logical memory trick for a 1-1-1 starport expand)

1-1-1 starport expand, 3 reaper + 2 hellion opener, going into mid-game push with 3 vikings + 1 raven and two tanks. Transitionning into BCs.

Starport makes 1 viking + 1 raven, then takes reactor from rax, makes 2 vikings (for initial push), then goes back to tech lab for first BC.

Factory makes 2 hellions then makes tech lab and a couple of tanks for the push then defense.

Barracks makes 3 reapers, then reactor for the starport

What I would propose to make even better the demonstrated build by Hiro:
- Get faster 3rd CC with the floating money as move out
- Get ebay for turrets which can serve against drops/banshees etc.
- Delay the fusion core a bit and use available gas to put down at least a second factory to pump out a few hellions and spend the extra minerals, along with turrets for anti-drop/anti-bcs. Can use for multi-prong harrass and are decent vs marines (which opponent might want vs BCs).
- Gas goes into double armory, upgrades, fusion core and yamato, starports 2 and 3.
- Add 4th CC as soon as resources available.
- Minerals go into expansions, hellions, turrets, and any sim city building we want to make the chokes more clunky against bio or such in front of our tanks.
- Add ravens and vikings into the air mix to disable opponent s big units (thors or his own bcs and ravens).
- Target 4 base convergent point for our build: (4th base only uses gas)
2 factories for 3 hellions/cycle
5 starports, 4 with tech lab pumping 3 BCs + 1 viking, and 1 with reactor pumping 2 vikings. Add in a few ravens. Total of 3 BCs + viking.

During push, infrastructure added ...

factory beside starport that will lift to go back to tech lab (could delay FC and first BC -- needs to be worked out)
3rd CC + ebay
Fusion core (5:30)
First BC + yamato (6:30)
Add starports 2+3 with armory.
4th CC
Starports 4+5

The viking count during the push is a delicate part. We can keep making them to sustain our push but we're sacrificing on gas for factory + fusion core. To be explored.

Don't forget air upgrades + blue flame that should start sometime after double armory and starports 2+3

BCs win vs thors in a straight-up fight with equal army value. So might as well go for them if we re going into mech. They're also much less clunky since air, can teleport for harrass, won't be damaged by tanks/hellions/marauders. Definitly the better choice in the current meta.

Time

  • Played on: Feb. 6, 2019, 7:16 a.m.
  • Length: 6:42
Show
View Real Time Build Order
Export as new Build Order

Trizztein Terran 

Build Orders: 1/1/1 

Get SALT Encoding   

  12  0:00  SCV  
  13  0:13  SCV  
  14  0:17  Supply Depot  
  14  0:25  SCV  
  14  0:27  Refinery  
  15  0:39  SCV  
  16  0:45  Barracks  
  16  0:51  SCV  
  16  0:55  Refinery  
  17  1:03  SCV  
  18  1:15  SCV  
  19  1:32  Orbital Command  
  19  1:33  Reaper  
  19  1:36  Factory  
  20  1:54  Supply Depot  
  20  1:58  SCV  
  21  2:05  Reaper  
  22  2:10  SCV  
  23  2:20  Hellion, Starport  
  23  2:22  SCV  
  26  2:34  Supply Depot, SCV  
  27  2:37  Reaper  
  27  2:42  Hellion  
  30  2:47  SCV  
  31  2:57  Starport Tech Lab  
  31  2:59  SCV  
  32  3:11  Command Center  
  32  3:13  Factory Tech Lab  
  32  3:15  SCV  
  33  3:20  Raven  
  33  3:26  Supply Depot  
  35  3:29  SCV  
  36  3:35  Siege Tank  
  39  3:48  SCV  
  40  3:49  Barracks Reactor  
  40  3:52  Supply Depot  
  40  4:00  SCV  
  41  4:03  Viking  
  43  4:13  SCV  
  44  4:23  Siege Tank  
  47  4:24  Orbital Command  
  47  4:25  SCV  
  48  4:38  SCV  
  49  4:44  Viking, Refinery  
  49  4:45  Viking, Refinery  
  53  4:50  SCV  
  53  4:51  SCV  
  55  4:57  Siege Tank  
  58  5:02  SCV  
  58  5:03  SCV  
  60  5:13  Command Center  
  61  5:14  SCV  
  61  5:15  SCV  
  62  5:25  Factory  
  62  5:26  SCV  
  62  5:27  SCV  
  64  5:30  Fusion Core  
  64  5:38  SCV  
  64  5:39  Supply Depot, SCV  
  64  5:40  Supply Depot  
  66  5:45  Engineering Bay  
  66  5:50  SCV  
  66  5:51  SCV  
  66  5:54  Armory  
  68  6:02  SCV  
  68  6:03  SCV  
  70  6:14  Hellion x2, SCV  
  70  6:15  SCV  
  70  6:16  Hellion  
  82  6:26  SCV  
  82  6:29  Armory  
Show
View Real Time Build Order
Export as new Build Order

A.I. 1 (Medium) Terran - Winner!

Build Orders:  

Get SALT Encoding   

  12  0:00  SCV  
  13  0:13  SCV  
  14  0:19  Supply Depot  
  14  0:25  SCV  
  15  0:40  SCV  
  15  0:42  Barracks  
  16  0:52  SCV  
  17  1:04  SCV  
  18  1:17  Command Center  
  18  1:29  Orbital Command, Marine  
  19  1:38  Supply Depot  
  19  1:45  Refinery  
  19  1:47  Marine  
  20  1:54  SCV  
  20  2:01  Barracks  
  21  2:07  SCV, Refinery  
  22  2:24  SCV  
  23  2:30  Marine  
  23  2:37  SCV  
  25  2:42  Factory  
  25  2:44  Refinery  
  25  2:48  Marine  
  25  2:51  SCV  
  27  2:54  SCV  
  27  2:58  Barracks Tech Lab  
  28  3:06  Refinery  
  28  3:08  SCV  
  29  3:16  Barracks Tech Lab  
  29  3:19  Marauder  
  31  3:23  Factory  
  31  3:27  Factory Tech Lab  
  31  3:28  SCV  
  31  3:31  SCV  
  33  3:37  Marine  
  33  3:40  SCV  
  35  3:52  Starport  
  35  3:53  Marauder  
  37  4:04  Supply Depot  
  37  4:06  SCV  
  37  4:07  Factory Tech Lab  
  37  4:08  Marauder  
  37  4:09  SCV  
  41  4:18  SCV  
  41  4:23  Marine  
  43  4:26  SCV  
  39  4:31  Medivac  
  44  4:32  Supply Depot  
  44  4:34  SCV  
  44  4:38  Marine, SCV  
  49  4:46  SCV  
  50  4:53  Marine  
  50  4:54  SCV  
  50  4:59  Supply Depot, SCV  
  53  5:06  SCV  
  54  5:08  Marine  
  55  5:20  SCV  
  56  5:23  Supply Depot, Marine, SCV  
  56  5:27  Medivac  
  60  5:33  SCV  
  61  5:38  Marauder  
  63  5:44  SCV  
  63  5:45  Engineering Bay  
  63  5:46  Supply Depot  
  63  5:47  SCV  
  65  5:53  Marauder  
  65  5:56  SCV  
  68  5:57  Starport Tech Lab  
  68  5:59  SCV  
  66  6:08  Marauder  
  66  6:09  SCV  
  58  6:11  Missile Turret, SCV  
  58  6:13  Missile Turret  
  53  6:21  SCV  
  53  6:23  Marine  
  53  6:24  Ghost Academy, SCV  
Tags
 
League
Master
Matchup
TvT
Opening
1/1/1
Race
Terran
Spawn Locations
Cross Positions
Add a new tag
Caveats
  • Supply blocks, unpowered buildings, or Contaminate may cause inaccurate times.
  • Supply counts are checked every 10 seconds.